 Dungeon Crawl Stone Soup version 0.27.1-1-g398f81649c (webtiles) character file.

Game seed: 4787410562659351051

12476 Destapler the Protected (level 11, -1/101 HPs)
             Began as a Minotaur Fighter on Sept 13, 2021.
             Was a Priest of the Shining One.
             Killed from afar by Fannar (10 damage)
             ... with a bolt of cold
             ... on level 1 of the Lair of Beasts.
             The game lasted 00:22:08 (12741 turns).

Destapler the Protected (Minotaur Fighter)         Turns: 12741, Time: 00:22:08

Health: -1/101     AC: 11    Str: 27    XL:     11   Next: 63%
Magic:  14/14      EV:  9    Int:  5    God:    the Shining One [***...]
Gold:   323        SH: 11    Dex: 10    Spells: 10/10 levels left

rFire    + . .     SeeInvis .   a - +7 war axe "Gihanim" {venom, +Blink Str+3}
rCold    + . .     Faith    .   c - +0 kite shield
rNeg     + . .     Spirit   .   C - +0 troll leather armour
rPois    +         Reflect  .   (helmet restricted)
rElec    +         Harm     .   D - +2 cloak
rCorr    +         Rampage  .   o - +0 pair of gloves
Will     .....                  (no boots)
Stlth    +.........             (no amulet)
HPRegen  1.26/turn              p - ring of flight
MPRegen  0.14/turn              (no ring)

@: resistant, flying, glowing
A: horns 2, retaliatory headbutt
a: Renounce Religion, Evoke Blink, Divine Shield


You were on level 1 of the Lair of Beasts.
You worshipped the Shining One.
The Shining One was most pleased with you.
You visited 2 branches of the dungeon, and saw 11 of its levels.

You collected 484 gold pieces.
You spent 161 gold pieces at shops.

Inventory:

Hand Weapons
 a - the +7 war axe "Gihanim" (weapon) {venom, +Blink Str+3}
   (You bought it in a shop on level 5 of the Dungeon)

   It poisons the flesh of those it strikes.
   Str:       It affects your strength (+3).
   +Blink:    It lets you blink.
 F - a +4 vorpal spear
Missiles
 h - 5 silver javelins
 k - 66 poisoned darts (quivered)
 x - 2 curare-tipped darts
 A - 5 boomerangs
Armour
 b - a +0 scale mail
 c - a +0 kite shield (worn)
 o - a +0 pair of gloves (worn)
 C - a +0 troll leather armour (worn)
 D - a +2 cloak (worn)
Jewellery
 p - a ring of flight (left hand)
Wands
 w - a wand of paralysis (17)
 z - a wand of flame (29)
 E - a wand of mindburst (10)
Scrolls
 d - 2 scrolls of fog {unknown}
 e - 5 scrolls of identify
 g - 3 scrolls of enchant armour {unknown}
 l - 3 scrolls of immolation {unknown}
 q - 2 scrolls of amnesia
 t - 2 scrolls of enchant weapon {unknown}
 u - 2 scrolls of blinking {unknown}
 y - 2 scrolls of noise {unknown}
 B - a scroll of brand weapon {unknown}
Potions
 f - 3 potions of curing
 i - 2 potions of degeneration {unknown}
 j - a potion of ambrosia {unknown}
 m - a potion of resistance
 n - 2 potions of heal wounds {unknown}
 r - a potion of mutation {unknown}
 s - 2 potions of berserk rage {unknown}
 v - a potion of flight {unknown}


   Skills:
 + Level 10.9 Fighting
 + Level 10.7 Axes
 - Level 4.0 Throwing
 + Level 11.0 Armour
 - Level 7.0 Shields
 - Level 6.0 Invocations
 - Level 6.0 Evocations


You had 10 spell levels left.
You didn't know any spells.
Your spell library contained the following spells:

 Spells                   Type           Power      Damage    Failure   Level
 Sublimation of Blood     Necr           0%         N/A       94%         2
 Wereblood                Tmut           0%         N/A       94%         2
 Blade Hands              Tmut           0%         N/A       100%        5
 Irradiate                Conj/Tmut      0%         3d14      100%        5
 Dragon Form              Tmut           0%         N/A       100%        7
 Summon Hydra             Summ           0%         N/A       100%        7


Dungeon Overview and Level Annotations

Branches:
Dungeon (10/15)            Temple (0/1) D:7            Lair (1/6) D:9
    Orc: D:9-12

Altars:
Cheibriados
Fedhas
Hepliaklqana
Kikubaaqudgha
Ru
Uskayaw
Vehumet
Wu Jian
Xom
Yredelemnul
Zin
The Shining One

Shops:
D:4 :*==[!   D:5 (

Portals:
Ice
Cave: Lair:1

Annotations:
Lair:1 Fannar


Innate Abilities, Weirdness & Mutations

You have a pair of horns on your head.
You reflexively headbutt those who attack you in melee.


Message History

Fannar is nearby!
Fannar is nearby!
Fannar casts a spell.
Fannar drains the heat from the surrounding environment!
You closely miss Fannar. You block Fannar's attack.
You hit Fannar.
Fannar is lightly wounded.
Fannar closely misses you.
You hit Fannar but do no damage.
Fannar is poisoned.
Fannar is lightly wounded.
You block Fannar's attack.
You hit Fannar.
Fannar looks even sicker.
Fannar is lightly wounded.
Fannar hits you with a staff of cold. Fannar freezes you!
Fannar hits you but does no damage. Fannar freezes you!
You completely miss Fannar. Your headbutt misses Fannar.
Fannar is lightly wounded.
Fannar hits you but does no damage. Fannar freezes you.
You slice Fannar!!
Fannar looks as sick as possible!
Fannar is moderately wounded.
Fannar glares icily.
Fannar hits you but does no damage. Fannar freezes you.
You barely miss Fannar. Your headbutt misses Fannar.
Fannar is moderately wounded.
Fannar mumbles some strange words.
Fannar drains the heat from the surrounding environment!
* * * LOW HITPOINT WARNING * * *
You barely miss Fannar. Your headbutt misses Fannar.
Fannar is heavily wounded.
You block Fannar's attack.
You slash Fannar!
Fannar looks as sick as possible!
Fannar is severely wounded.
Fannar hits you with a staff of cold!
* * * LOW HITPOINT WARNING * * *
Fannar freezes you!
* * * LOW HITPOINT WARNING * * *
You feel protected.
Fannar points at you and mumbles some strange words.
The bolt of cold hits you! You resist.
You die...

##..........# ..###
#.#...#.....##....#
####........##....##
##P#............#
#####.........#
##†.......#
##......##
#......###.#
#.....@e...#
###.........#
##......#.#
...........
####.........
##.......# #.......#
#.......#


You could see Fannar (extremely poisoned).

Vanquished Creatures
  5 two-headed ogres
  A catoblepas (D:9)
  An ugly thing (D:8)
  A cyclops (D:9)
  A black mamba (Lair:1)
  Joseph (D:7)
  Psyche (D:10)
  Maggie (D:10)
  2 trolls (D:9)
  Prince Ribbit (D:8)
  3 wyverns
  Eustachio (D:4)
  5 yaks (D:8)
  A water moccasin (D:8)
  2 ice beasts
  6 orc warriors
  A sky beast (D:6)
  3 black bears
  3 ogres
  2 centaurs
  A phantom (D:5)
  3 kobold brigands
  Blork the orc (D:6)
  2 bullfrogs
  3 gnoll sergeants (D:10)
  3 scorpions
  A water moccasin zombie (D:5)
  A wyvern skeleton (D:6)
  2 water moccasin skeletons
  An elephant simulacrum (Lair:1)
  9 killer bees (D:10)
  4 wights
  2 electric eels (D:8)
  A howler monkey (D:6)
  3 centaur zombies
  A bullfrog zombie (D:6)
  5 hounds
  3 orc priests
  2 jellies
  A centaur skeleton (D:6)
  2 gnoll shamans
  Terence (D:3)
  5 iguanas
  6 orc wizards
  A killer bee zombie (D:8)
  A hound skeleton (D:4)
  A howler monkey zombie (D:6)
  13 gnolls
  10 adders
  2 shadow imps
  3 white imps
  3 worms
  3 dart slugs
  17 orcs
  4 endoplasms
  A giant cockroach (D:3)
  4 goblins
  5 hobgoblins
  7 jackals
  17 kobolds
  6 quokkas
  A ball python (D:1)
  3 bats
  4 frilled lizards
  3 rats
  A butterfly (D:6)
215 creatures vanquished.

Notes
Turn   | Place    | Note
-------+----------+-------------------------------------------
     0 | D:1      | Destapler the Minotaur Fighter began the quest for the Orb.
     0 | D:1      | Reached XP level 1. HP: 19/19 MP: 0/0
    92 | D:1      | Reached XP level 2. HP: 27/27 MP: 1/1
   545 | D:1      | Reached XP level 3. HP: 33/33 MP: 2/2
   554 | D:1      | Reached skill level 4 in Armour
   573 | D:2      | Found a sacrificial altar of Ru.
  1112 | D:2      | Reached XP level 4. HP: 38/40 MP: 3/3
  1347 | D:2      | Reached skill level 1 in Invocations
  1794 | D:3      | Found a basalt altar of Yredelemnul.
  1837 | D:3      | Reached skill level 1 in Throwing
  2045 | D:3      | Found a glowing golden altar of the Shining One.
  2073 | D:3      | Became a worshipper of the Shining One
  2112 | D:3      | Noticed Terence
  2120 | D:3      | Killed Terence
  2186 | D:3      | Reached skill level 1 in Evocations
  2347 | D:3      | Reached XP level 5. HP: 47/47 MP: 5/5
  2892 | D:4      | Found Pipsoceh's Jewellery Emporium.
  2922 | D:4      | Found Esiost's Distillery.
  3033 | D:4      | Found Saenoig's Armour Emporium.
  3034 | D:4      | Noticed a black bear
  3042 | D:4      | Killed a black bear
  3043 | D:4      | Reached XP level 6. HP: 31/53 MP: 6/6
  3230 | D:4      | Found Iwuwaf's Jewellery Shop.
  3395 | D:4      | Noticed Eustachio
  3423 | D:4      | Killed Eustachio
  3683 | D:4      | Found Rado Joe's Serpentskin Sales.
  3765 | D:4      | Found a blossoming altar of Fedhas.
  3777 | D:4      | Found an ornate altar of the Wu Jian Council.
  3842 | D:4      | Found Zidimo's Book Boutique.
  3960 | D:5      | Entered Level 5 of the Dungeon
  4303 | D:4      | Reached skill level 5 in Fighting
  4303 | D:4      | Reached skill level 5 in Armour
  4303 | D:4      | Reached skill level 5 in Shields
  4303 | D:4      | Reached XP level 7. HP: 35/61 MP: 7/7
  4717 | D:5      | Reached * piety under the Shining One
  5243 | D:5      | Reached XP level 8. HP: 43/69 MP: 9/9
  5569 | D:5      | Found Luagicwu's Antique Weapon Shoppe.
  5579 | D:5      | Bought an iridescent war axe for 161 gold pieces
  5579 | D:5      | Identified the +7 war axe "Gihanim" {venom, +Blink Str+3}
                  | (You bought it in a shop on level 5 of the Dungeon)
  5628 | D:5      | Reached skill level 5 in Axes
  6096 | D:6      | Found a shimmering altar of Xom.
  6100 | D:6      | Reached skill level 6 in Armour
  6150 | D:6      | You are sucked into a shaft and drop 2 floors!
  7409 | D:8      | Found a hazy altar of Hepliaklqana.
  7867 | D:6      | Noticed Blork the orc
  7887 | D:6      | Killed Blork the orc
  7892 | D:6      | Reached XP level 9. HP: 55/78 MP: 11/11
  7975 | D:6      | Reached ** piety under the Shining One
  8104 | D:7      | Found a staircase to the Ecumenical Temple.
  8456 | D:7      | Noticed Joseph
  8463 | D:7      | Killed Joseph
  8464 | D:7      | Reached skill level 7 in Armour
  8509 | D:7      | Found an ancient bone altar of Kikubaaqudgha.
  8600 | D:7      | Found a glowing silver altar of Zin.
  8755 | D:8      | Noticed Prince Ribbit
  8755 | D:8      | Noticed a two-headed ogre
  8760 | D:8      | Killed a two-headed ogre
  8761 | D:8      | Reached skill level 5 in Invocations
  8770 | D:8      | Killed Prince Ribbit
  9156 | D:8      | Noticed a red ugly thing
  9175 | D:8      | HP: 2/80 [red ugly thing (7)]
  9175 | D:8      | The Shining One protects you from harm!
  9176 | D:8      | Killed a red ugly thing
  9177 | D:8      | Reached skill level 8 in Armour
  9177 | D:8      | Reached skill level 5 in Evocations
  9177 | D:8      | Reached XP level 10. HP: 11/88 MP: 11/13
  9808 | D:8      | Found a snail-covered altar of Cheibriados.
  9893 | D:8      | Noticed a two-headed ogre
  9900 | D:8      | Killed a two-headed ogre
 10537 | D:9      | Found a hide-covered altar of Uskayaw.
 10696 | D:9      | Reached skill level 9 in Armour
 10926 | D:9      | Noticed a two-headed ogre
 10937 | D:9      | Killed a two-headed ogre
 11017 | D:9      | Noticed a catoblepas
 11031 | D:9      | Killed a catoblepas
 11032 | D:9      | Reached XP level 11. HP: 66/99 MP: 14/14
 11074 | D:9      | Reached *** piety under the Shining One
 11199 | D:9      | Found a staircase to the Lair.
 11235 | D:9      | Reached skill level 10 in Armour
 11786 | D:10     | Entered Level 10 of the Dungeon
 11884 | D:10     | Noticed a two-headed ogre
 11890 | D:10     | Killed a two-headed ogre
 11891 | D:10     | Reached skill level 10 in Fighting
 11910 | D:10     | Noticed a two-headed ogre
 11922 | D:10     | Killed a two-headed ogre
 11923 | D:10     | Reached skill level 10 in Axes
 12207 | D:10     | Noticed Maggie
 12212 | D:10     | Killed Maggie
 12213 | D:10     | Noticed Psyche
 12335 | D:10     | Killed Psyche
 12444 | D:10     | Found a radiant altar of Vehumet.
 12614 | Lair:1   | Entered Level 1 of the Lair of Beasts
 12614 | Lair:1   | Found a frozen archway.
 12696 | Lair:1   | Reached skill level 11 in Armour
 12728 | Lair:1   | Noticed Fannar
 12741 | Lair:1   | Killed from afar by Fannar

Illustrated notes

Levels and vault maps discovered:
D:1:      saegor_arrival_simple_c, layout_rooms
D:2:      layout_basic, basic_altar
D:3:      layout_basic, mainiacjoe_overflow_small_starburst,
          mainiacjoe_overflow_catwalk, uniq_terence
D:4:      layout_basic, mainiacjoe_overflow_catwalk_spiral, serial_shops,
          nicolae_diamond_shop, shop, nicolae_shop_stone,
          nicolae_shop_waterfront, nicolae_square_shop, guppyfry_shop_venom,
          uniq_eustachio
D:5:      layout_basic, serial_shops, nicolae_lakefront_shop
D:6:      layout_basic, xom_butterflies, minmay_crystal_room, uniq_blork_the_orc
D:7:      layout_basic, lemuel_coloured_pillars_altar,
          mainiacjoe_overflow_cross_hatched, temple_statues, uniq_joseph
D:8:      minmay_opposing_rooms, layout_basic, kennysheep_little_box,
          cheibriados_altar_1, uniq_prince_ribbit1
D:9:      minmay_angry_zag, layout_loops_ring, nicolae_uskayaw_dance_hall,
          serial_co_window_serial, co_window_paths_a, co_window_paths_a,
          co_window_of_opportunity_a, co_window_corner_a,
          co_window_of_opportunity_a, co_window_corner_a, co_window_paths_a,
          co_window_paths_a, co_window_cross_1, co_window_2corner,
          co_window_of_opportunity_b, co_window_corner_ca, glass_columns_a,
          glass_columns_c, glass_columns_a, glass_columns_b, glass_columns_c
D:10:     layout_cave_pools, mainiacjoe_overflow_chevrons, serial_gnoll_camp,
          gnoll_camp_mini_hut, gnoll_camp_mini_sergeant, gnoll_camp_medium_01,
          gnoll_camp_mini_hut, uniq_maggie, uniq_psyche
Lair:1:   layout_cave_shapes, gammafunk_ghost_ooze,
          portal_ice_cave_entry_ice_simulacra, infiniplex_staircase_pool_2,
          lemuel_fruit_tree, uniq_fannar

Skill      XL: |  1  2  3  4  5  6  7  8  9 10 11 |
---------------+----------------------------------+-----
Shields        | 4 5 6 7 |  7.0
Fighting       | 4 5 6 7 9 10 | 10.9
Armour         | 4 5 6 8 9 11 | 11.0
Axes           | 3 4 5 7 9 10 | 10.7
Invocations    | 1 2 3 4 5 6 |  6.0
Throwing       | 1 2 3 4 |  4.0
Evocations     | 1 2 3 5 6 |  6.0

Action                   |  1- 3 |  4- 6 |  7- 9 | 10-12 || total
-------------------------+-------+-------+-------+-------++-------
Melee: War axe           |    74 |   105 |   149 |   195 ||   523
       Headbutt          |     7 |    16 |    29 |    39 ||    91
Throw: Dart              |       |     1 |    31 |    12 ||    44
 Abil: Evoke Blink       |       |       |     1 |       ||     1
  Use: Potion            |       |     1 |     2 |     1 ||     4
       Scroll            |       |       |     2 |       ||     2
Armor: Scale mail        |    48 |    43 |    59 |    19 ||   169
       Troll leather arm |       |       |       |    46 ||    46
Dodge: Dodged            |    22 |    35 |    57 |    64 ||   178
Block: Kite shield       |    42 |    63 |    94 |   122 ||   321
